 Dungeon Crawl Stone Soup version 0.31.0-12-g77e489cdc1 (webtiles) character file.

Game seed: 7534150209184021930

1201 spaghetti the Skirmisher (level 8, -2/56 HPs)
             Began as a Human Hunter on Feb 18, 2024.
             Was an Initiate of Okawaru.
             Shot with an arrow by a centaur (7 damage)
             ... on level 6 of the Dungeon.
             The game lasted 00:04:09 (3395 turns).

spaghetti the Skirmisher (Human Hunter)             Turns: 3395, Time: 00:04:10

Health: -2/56      AC:  6    Str: 11    XL:     8   Next: 44%
Magic:  6/8        EV: 17    Int: 10    God:    Okawaru [......]
Gold:   305        SH:  0    Dex: 25    Spells: 7/7 levels left

rFire   . . .        a - +0 shortbow (freeze)
rCold   . . .        (shield currently unavailable)
rNeg    . . .        c - +0 leather armour
rPois   .            p - +0 helmet
rElec   .            (no cloak)
rCorr   .            (no gloves)
SInv    .            (no boots)
Will    .....        o - amulet of regeneration
Stlth   ++++         d - +6 ring of dexterity
HPRegen 1.09/turn    (no ring)
MPRegen 0.11/turn

%: no passive effects
@: heroic
A: explore regen, iridescent scales 1, MP-powered wands
a: Renounce Religion


You were on level 6 of the Dungeon.
You worshipped Okawaru.
Okawaru was noncommittal.
You visited 2 branches of the dungeon, and saw 7 of its levels.

You collected 305 gold pieces.

Inventory:

Hand Weapons
 a - a +0 shortbow of freezing (weapon)
Armour
 c - a +0 leather armour (worn)
 p - a +0 helmet (worn)
Jewellery
 d - a +6 ring of dexterity (left hand)
 j - a ring of protection from cold
 o - an amulet of regeneration (around neck)
Wands
 g - a wand of acid (7)
 h - a wand of flame (19)
 k - a wand of paralysis (10)
Scrolls
 b - a scroll of butterflies
Potions
 e - a potion of might
 f - a potion of invisibility {unknown}
 i - 3 potions of brilliance
 l - 2 potions of mutation
 m - 2 potions of lignification {unknown}
 q - a potion of degeneration {unknown}


   Skills:
 - Level 2.0(7.0) Fighting
 + Level 10.7(15.7) Ranged Weapons
 - Level 2.0(7.0) Dodging
 - Level 1.0(6.0) Stealth


You had 7 spell levels left.
You didn't know any spells.
Your spell library was empty.

Dungeon Overview and Level Annotations

Branches:
Dungeon (6/15)             Temple (1/1) D:5

Altars:
Ashenzari
Dithmenos
Elyvilon
Gozag
Makhleb
Okawaru
Ru
Sif Muna
Trog
Uskayaw
Wu Jian
Xom
The Shining One


Innate Abilities, Weirdness & Mutations

You regain HP and MP as you explore.
You are partially covered in iridescent scales. (AC +2)
You expend magic power (3 MP) to strengthen your wands.


Message History

You shoot an arrow.
The arrow hits the orc wizard but does no damage.
The ufetubus hits you but does no damage.
The ufetubus completely misses you.
The orc wizard points at you and mumbles some strange words.
You resist with some effort.
The orc priest looks braver for a moment.
You shoot an arrow.
The arrow closely misses the orc priest.
The ufetubus closely misses you. The ufetubus barely misses you.
The orc wizard mumbles some strange words.
The orc wizard flickers and vanishes!
Deactivating autopickup; reactivate with Ctrl-A.
The orc priest hits you but does no damage.
Unknown command.
You shoot an arrow. The arrow hits the orc priest!
The arrow freezes the orc priest.
The orc priest is severely wounded.
The ufetubus barely misses you. The ufetubus hits you.
The ufetubus closely misses you. The ufetubus barely misses you.
You shoot an arrow. The arrow hits the orc priest.
The arrow freezes the orc priest.
The orc priest is almost dead.
The orc priest invokes the aid of Beogh against you.
Pain shoots through your body!
* * * LOW HITPOINT WARNING * * *
Something hits you.
* * * LOW HITPOINT WARNING * * *
The ufetubus closely misses you. The ufetubus hits you.
* * * LOW HITPOINT WARNING * * *
The centaur wields a +0 shortbow.
The centaur shoots an arrow.
Unknown command.
You shoot an arrow. The arrow hits the orc priest!
The arrow freezes the orc priest.
You kill the orc priest!
Okawaru accepts your kill. Something hits you but does no damage.
The ufetubus misses you. The ufetubus closely misses you.
The centaur shoots an arrow.
The arrow hits you!
You die...

#. ... #.# .. #.#
.. # #.###.####
#### #.........
###... #.........
##..... #.c.....#
##...... #{)..#
#..####. #@####
##..##... #.5.###
#...#.... #.....##
#...#....
#......###........
#.###..##....#####
#.###...#....# ##
#..##...#....####.
#............†.)..
###########.######


You could see a centaur and an ufetubus.

Vanquished Creatures
  A steam dragon (D:6)
  2 ice beasts
  2 ogres
  A bullfrog (D:6)
  2 scorpions (D:5)
  A bombardier beetle (D:4)
  3 orc priests (D:6)
  3 hounds
  A jelly (D:6)
  Ijyb (D:3)
  2 iguanas
  An orc wizard (D:6)
  7 gnolls
  3 adders
  2 shadow imps
  An ufetubus (D:6)
  A dart slug (D:5)
  2 ribbon worms (D:2)
  9 orcs
  7 bats
  14 endoplasms
  A giant cockroach (D:2)
  6 goblins
  8 hobgoblins
  5 jackals (D:2)
  7 quokkas
  9 ball pythons
  4 frilled lizards
  8 kobolds
  3 rats
117 creatures vanquished.

Notes
Turn   | Place    | Note
-------+----------+-------------------------------------------
     0 | D:1      | spaghetti the Human Hunter began the quest for the Orb.
     0 | D:1      | Reached XP level 1. HP: 16/16 MP: 1/1
    49 | D:1      | Reached XP level 2. HP: 22/22 MP: 2/2
   265 | D:1      | Reached XP level 3. HP: 27/27 MP: 3/3
   485 | D:1      | Reached skill level 5 in Ranged Weapons
   834 | D:2      | Gained mutation: You are partially covered in iridescent
                  | scales. (AC +2) [potion of mutation]
   834 | D:2      | Gained mutation: You expend magic power (3 MP) to
                  | strengthen your wands. [potion of mutation]
   925 | D:2      | Reached XP level 4. HP: 33/33 MP: 4/4
  1424 | D:3      | Noticed Ijyb
  1427 | D:3      | Paralysed by Ijyb for 5 turns
  1433 | D:3      | Paralysed by Ijyb for 4 turns
  1438 | D:3      | Killed Ijyb
  1439 | D:3      | Reached skill level 6 in Ranged Weapons
  1439 | D:3      | Reached XP level 5. HP: 33/38 MP: 5/5
  2020 | D:4      | Noticed an ogre
  2029 | D:4      | Killed an ogre
  2030 | D:4      | Reached skill level 7 in Ranged Weapons
  2030 | D:4      | Reached XP level 6. HP: 43/44 MP: 6/6
  2297 | D:5      | Entered Level 5 of the Dungeon
  2324 | D:5      | Noticed an ice beast
  2340 | D:5      | Killed an ice beast
  2341 | D:5      | Reached skill level 8 in Ranged Weapons
  2348 | D:5      | Reached XP level 7. HP: 16/50 MP: 7/7
  2634 | D:5      | Found a staircase to the Ecumenical Temple.
  2685 | D:5      | Reached skill level 9 in Ranged Weapons
  3011 | Temple   | Entered the Ecumenical Temple
  3025 | Temple   | Became a worshipper of Warmaster Okawaru
  3102 | D:6      | Reached XP level 8. HP: 51/56 MP: 8/8
  3113 | D:6      | Reached skill level 10 in Ranged Weapons
  3384 | D:6      | Reached * piety under Okawaru
  3395 | D:6      | Shot with an arrow by a centaur

Illustrated notes

Levels and vault maps discovered:
D:1:      nicolae_arrival_washed_ashore, layout_rooms, st_stairs_9
D:2:      minmay_diamond_boxcup, layout_rooms, serial_corexii_hall,
          corexii_hall_statues_l, chequers_hall_statues_wall_a,
          corexii_hall_statues_x, chequers_hall_statues_corner_a,
          minmay_circle_x
D:3:      wad_crossroads, layout_basic, uniq_ijyb
D:4:      layout_rooms, mainiacjoe_overflow_alcove_2,
          nicolae_figureground_sparkle
D:5:      layout_cave_pools, minmay_temple_entry_grid
D:6:      minmay_recursive_quarters, layout_basic, ebering_ghost_xom
Temple:   nicolae_temple_ecumenical_triangle

Skill      XL: |  1  2  3  4  5  6  7  8 |
---------------+-------------------------+-----
Ranged Weapons | 5 6 7 8 9 10 | 10.7
Fighting       | |  2.0
Dodging        | |  2.0
Stealth        | |  1.0

Action                     |  1- 3 |  4- 6 |  7- 9 || total
---------------------------+-------+-------+-------++-------
   Fire: Shortbow          |   117 |   115 |   103 ||   335
 Invoke: Heroism           |       |       |     1 ||     1
    Use: Potion            |     2 |     4 |     1 ||     7
         Scroll            |     2 |     2 |     1 ||     5
 Armour: Leather armour    |    34 |    26 |    39 ||    99
  Dodge: Dodged            |    55 |    32 |    32 ||   119
